 Dungeon Crawl Stone Soup version 0.27-a0-445-gbe96e517c0 (webtiles) character file.

Game seed: 2597839086605655222

65 Gaff the Sneak (level 4, -5/27 HPs)
             Began as a Kobold Brigand on Feb 26, 2021.
             Slain by a gnoll
             ... wielding a +0 halberd
              (13 damage)
             ... on level 3 of the Dungeon.
             The game lasted 00:06:09 (2442 turns).

Gaff the Sneak (Kobold Brigand)                     Turns: 2442, Time: 00:06:10

Health: -5/27      AC:  6    Str:  8    XL:     4   Next: 35%
Magic:  4/4        EV: 14    Int: 12    God:
Gold:   52         SH:  0    Dex: 17    Spells: 3/3 levels left

rFire    . . .     SeeInvis .   a - +2 dagger
rCold    . . .     Faith    .   (shield restricted)
rNeg     . . .     Spirit   .   j - +0 leather armour
rPois    .         Reflect  .   k - +0 helmet
rElec    .         Harm     .   c - +0 cloak
rCorr    .         Rampage  .   (no gloves)
Will     .....                  o - +0 pair of boots
Stlth    ++++......             (no amulet)
HPRegen  0.09/turn              (no ring)
MPRegen  0.09/turn              (no ring)

@: no status effects
A: small, nightstalker 3
a: no special abilities


You were on level 3 of the Dungeon.
You visited 1 branch of the dungeon, and saw 3 of its levels.

You collected 52 gold pieces.

Inventory:

Hand Weapons
 a - a +2 dagger (weapon)
 n - a +0 short sword
Missiles
 d - 8 poisoned darts (quivered)
 e - 2 curare-tipped darts
 m - 26 stones
Armour
 b - a +0 robe
 c - a +0 cloak (worn)
 h - a +0 ring mail
 j - a +0 leather armour (worn)
 k - a +0 helmet (worn)
 o - a +0 pair of boots (worn)
Scrolls
 f - a scroll of teleportation {unknown}
 g - 2 scrolls of random uselessness {unknown}
 p - a scroll of blinking {unknown}
 q - a scroll of magic mapping {unknown}
 r - 2 scrolls of identify {unknown}
Potions
 l - a potion of degeneration {unknown}


   Skills:
 + Level 2.7 Fighting
 + Level 3.9 Short Blades
 + Level 2.5 Throwing
 + Level 0.8 Armour
 + Level 2.0 Dodging
 - Level 5.7 Stealth


You had 3 spell levels left.
You didn't know any spells.
Your spell library was empty.

Dungeon Overview and Level Annotations

Branches:
Dungeon (3/15)

Altars:


Innate Abilities, Weirdness & Mutations

You are small and have problems with some larger weapons.
You are completely attuned to the shadows.


Message History

You hit the worm.
The worm is moderately wounded.
The gnoll closely misses you. The worm bites you!
You hit the worm.
The worm is moderately wounded.
You hit the worm.
The worm is heavily wounded.
The gnoll hits you from afar with a +0 halberd!
* * * LOW HITPOINT WARNING * * *
The worm misses you.
You hit the worm but do no damage.
The worm is moderately wounded.
The gnoll barely misses you.
It was a potion of heal wounds.
You feel much better. The worm barely misses you.
The gnoll hits you from afar with a +0 halberd.
You barely miss the worm.
The worm is moderately wounded.
You hit the worm.
The worm is heavily wounded.
The gnoll barely misses you. The worm closely misses you.
You hit the worm.
The worm is heavily wounded.
The gnoll closely misses you.
You hit the worm.
The worm is severely wounded.
The worm bites you.
You hit the worm.
The worm is almost dead.
The gnoll hits you from afar with a +0 halberd.
* * * LOW HITPOINT WARNING * * *
You hit the worm but do no damage.
The worm is almost dead.
The worm misses you. The gnoll completely misses you.
You barely miss the worm.
The worm is severely wounded.
You hit the worm.
The worm is almost dead.
The gnoll hits you from afar with a +0 halberd!
You die...

#.b. #....#
...#....
...#...#####
#.....gw@.#
#..รท.#####
#...<)..#
#..g#####
##.......
#.........
#....>###.
#..#### #..


You could see a worm and a gnoll.

Vanquished Creatures
  A gnoll (D:3)
  An adder (D:2)
  2 leopard geckos
  A ball python (D:2)
  6 bats
  4 giant cockroaches
  9 hobgoblins
  2 jackals (D:1)
  3 frilled lizards
  4 goblins
  3 kobolds
  6 rats
42 creatures vanquished.

Notes
Turn   | Place    | Note
-------+----------+-------------------------------------------
     0 | D:1      | Gaff the Kobold Brigand began the quest for the Orb.
     0 | D:1      | Reached XP level 1. HP: 12/12 MP: 1/1
   295 | D:1      | Reached XP level 2. HP: 15/17 MP: 2/2
   988 | D:1      | Reached XP level 3. HP: 22/22 MP: 3/3
  2109 | D:2      | Reached XP level 4. HP: 27/27 MP: 4/4
  2442 | D:3      | Slain by a gnoll

Illustrated notes

Levels and vault maps discovered:
D:1:      lemuel_arrival_river_ford, layout_basic
D:2:      layout_rooms, guppyfry_early_lair_pool
D:3:      layout_basic, hangedman_glass_teeth, okawaru_metal_pillars_1_2,
          uniq_robin

Skill      XL: |  1  2  3 |
---------------+----------+-----
Short Blades   | 3 |  3.9
Dodging        | 2 |  2.0
Fighting       | |  2.7
Throwing       | |  2.5
Armour         | |  0.8
Stealth        | |  5.7

Action                   |  1- 3 |  4- 6 || total
-------------------------+-------+-------++-------
Melee: Dagger            |   128 |    30 ||   158
  Use: Potion            |       |     1 ||     1
 Stab: Sleeping          |    18 |     1 ||    19
Armor: Robe              |    18 |       ||    18
       Leather armour    |    15 |     9 ||    24
Dodge: Dodged            |   110 |    44 ||   154

Table legend: (Time is in decaauts)
 A = Elapsed time spent in this place.
 B = Non-inter-level travel time spent in this place.
 C = Inter-level travel time spent in this place.
 D = Time resting spent in this place.
 E = Time spent auto-exploring this place.
 F = Levels seen in this place.
 G = Mean time per level.
                   A        B        C        D        E       F      G
               +--------+--------+--------+--------+--------+-----+--------+
         Total |   2425 |   2389 |     36 |    655 |    983 |   3 |  808.3 |
       Dungeon |   2425 |   2389 |     36 |    655 |    983 |   3 |  808.3 |
               +--------+--------+--------+--------+--------+-----+--------+

Top non-repeatable levels by time:
     D:1: 1676 daAuts
     D:2: 496 daAuts
     D:3: 252 daAuts
